 Dungeon Crawl Stone Soup version 0.23-a0-321-g6bcb69f (webtiles) character file.

49 namelastname112 the Slasher (level 3, -1/30 HPs)
             Began as a Draconian Gladiator on Oct 15, 2018.
             Slain by a gnoll
             ... wielding a +0 spear
              (8 damage)
             ... on level 2 of the Dungeon.
             The game lasted 00:01:50 (564 turns).

namelastname112 the Slasher (Draconian Gladiator)    Turns: 564, Time: 00:01:51

Health: -1/30      AC:  6    Str: 16    XL:     3   Next: 51%
Magic:  3/3        EV: 13    Int:  8    God:
Gold:   77         SH:  0    Dex: 13    Spells: 2/2 levels left

rFire    . . .     SeeInvis .   a - +0 long sword
rCold    . . .     Gourm    .   (no shield)
rNeg     . . .     Faith    .   (armour unavailable)
rPois    .         Spirit   .   (helmet restricted)
rElec    .         Reflect  .   f - +0 cloak (curse)
rCorr    .         Harm     .   (no gloves)
MR       .....                  (no boots)
Stlth    +.........             (no amulet)
HPRegen  0.10/turn              (no ring)
MPRegen  0.08/turn              (no ring)

@: lethally poisoned (-1 -> -4)
A: unfitting armour, cold-blooded, AC +5
a: no special abilities


You were on level 2 of the Dungeon.
You were not hungry.

You visited 1 branch of the dungeon, and saw 2 of its levels.

You collected 77 gold pieces.

Inventory:

Hand Weapons
 a - a +0 long sword (weapon)
Missiles
 c - 3 throwing nets (quivered)
Armour
 f - a cursed +0 cloak (worn)
Scrolls
 b - 4 scrolls of identify {unknown}
Comestibles
 d - 2 rations


   Skills:
 + Level 2.7 Fighting
 * Level 3.6 Long Blades
 + Level 2.2 Throwing
 + Level 3.0 Dodging


You had 2 spell levels left.
You didn't know any spells.
Your spell library was empty.

Dungeon Overview and Level Annotations

Branches:
Dungeon (2/15)

Altars:
Uskayaw


Innate Abilities, Weirdness & Mutations

Your plain brown scales are hard. (AC +5)
You cannot fit into any form of body armour.
You are cold-blooded and may be slowed by cold attacks.


Message History

The gnoll hits you from afar with a +0 spear. x2
You see here 9 arrows.
You take 7 damage, and have 11/30 hp.
MASSIVE DAMAGE!!
You feel yourself speed up. The adder bites you.
You are poisoned.
The adder poisons you! The leopard gecko misses you.
You riposte.
You completely miss the leopard gecko.
The leopard gecko is severely wounded.
You take 1 damage, and have 10/30 hp.
You feel sick.
You take 1 damage, and have 9/30 hp.
The leopard gecko bites you.
* * * LOW HITPOINT WARNING * * *
You take 1 damage, and have 8/30 hp.
You feel sick. The adder closely misses you.
You take 1 damage, and have 7/30 hp.
It was a potion of magic.
Magic courses through your body.
The gnoll hits you from afar with a +0 spear!
You die...

...g######.....####....#. #..#.#
..........................#.†#.##
..................#.#............
..................._.............
....#.#.....g(....#.#..........##
....#.##...ggo.g.................
............##go###..##..##.....<
............##.S###..##..##......
...............l@.......<......#.
.................................
......##....###..##..#....###..#.
>.... ..........................
.....##....###..##..#....###..#.
.... .....# #..##..#....###.... #
..###..................
........................
.................)##....


You could see an orc wizard, 4 gnolls, an adder, an orc and a leopard gecko.

Vanquished Creatures
  An adder (D:2)
  A worm (D:2)
  A dart slug (D:1)
  An orc (D:2)
  3 goblins (D:1)
  3 hobgoblins
  4 jackals (D:1)
  7 kobolds
  4 bats (D:1)
  A frilled lizard (D:1)
  5 rats
31 creatures vanquished.

Notes
Turn   | Place    | Note
-------+----------+-------------------------------------------
     0 | D:1      | namelastname112 the Draconian Gladiator began the quest for
                  | the Orb.
     0 | D:1      | Reached XP level 1. HP: 17/17 MP: 1/1
    61 | D:1      | Reached XP level 2. HP: 25/25 MP: 2/2
   324 | D:1      | Reached XP level 3. HP: 27/30 MP: 3/3
   527 | D:2      | Found a hide-covered altar of Uskayaw.
   564 | D:2      | Slain by a gnoll

Vault maps used:
D:1:      scummos_arrival_forest
D:2:      lemuel_crystal_altar

Skill      XL: |  1  2 |
---------------+-------+-----
Throwing       | 2 |  2.2
Dodging        | 3 |  3.0
Fighting       | |  2.7
Long Blades    | |  3.6

Action                   || total
-------------------------++-------
Melee: Long sword        ||    61
       Tailslap          ||     8
  Use: Potion            ||     1
Armor: Skin              ||    26
Dodge: Dodged            ||    62
       Rpst.: Long sword ||    19

Table legend:
 A = Non-vault XP
 B = Vault XP
 C = Vault XP percentage of total XP
 D = Non-vault monster count
 E = Vault monster count
 F = Vault count percentage of total count
                 A         B        C        D         E       F
            +---------+---------+-------+---------+---------+-------
      Total |      70 |       0 |   0.0 |      31 |       0 |   0.0
            +---------+---------+-------+---------+---------+-------
        D:1 |      43 |       0 |   0.0 |      25 |       0 |   0.0
        D:2 |      27 |       0 |   0.0 |       6 |       0 |   0.0
            +---------+---------+-------+---------+---------+-------
